 Dungeon Crawl Stone Soup version 0.22.0-18-ge075c0d (webtiles) character file.

46 digijack the Scratcher (level 3, -1/15 HPs)
             Began as a Felid Transmuter on Aug 18, 2018.
             Hit by a goblin thrown by Robin (2 damage)
             ... on level 2 of the Dungeon.
             The game lasted 00:06:37 (1548 turns).

digijack the Scratcher (Felid Transmuter)           Turns: 1548, Time: 00:06:38

Health: -1/15      AC:  1    Str:  6    XL:     3   Next: 46%
Magic:  7/7        EV: 19    Int: 15    God:
Gold:   94         SH:  0    Dex: 16    Spells: 5/6 levels left
                                        Lives:  0   Deaths: 0

rFire    . . .     SeeInvis +     - Unarmed
rCold    . . .     Gourm    .   (shield unavailable)
rNeg     . . .     Faith    .   (armour unavailable)
rPois    .         Spirit   .   (helmet unavailable)
rElec    .         Reflect  .   (cloak unavailable)
rCorr    .         Harm     .   (gloves unavailable)
MR       .....                  (boots unavailable)
Stlth    ++........             (no amulet)
HPRegen  0.05/turn              (no ring)
MPRegen  0.10/turn              (no ring)

@: quick
A: very small, no armour, no weapons or thrown items, stealth, claws 1, fangs 3,
see invisible, carnivore, speed 1, shaggy fur 1, slow metabolism 1, sharp paws
a: no special abilities


You were on level 2 of the Dungeon.
You were completely stuffed.

You visited 1 branch of the dungeon, and saw 2 of its levels.

You collected 94 gold pieces.

Inventory:

Scrolls
 b - 2 scrolls of identify
 e - a scroll of teleportation
Potions
 a - 2 potions of curing
Comestibles
 c - 2 rations


   Skills:
 + Level 1.3 Fighting
 + Level 3.4 Dodging
 + Level 3.6 Unarmed Combat
 + Level 2.3 Spellcasting
 + Level 2.6 Transmutations


You had 5 spell levels left.
You knew the following spells:

 Your Spells              Type           Power        Failure   Level  Hunger
a - Beastly Appendage     Tmut           #.....       8%          1    #......

Your spell library contained the following spells:

 Spells                   Type           Power        Failure   Level  Hunger
 Sticks to Snakes         Tmut           #.......     11%         2    ###....
 Spider Form              Tmut/Pois      #.........   36%         3    ###....
 Ice Form                 Ice/Tmut       #.......     77%         4    #####..
 Blade Hands              Tmut           #.........   90%         5    ######.


Dungeon Overview and Level Annotations

Branches:
Dungeon (2/15)

Altars:

Annotations:
D:2 Robin


Innate Abilities, Weirdness & Mutations

You cannot wear armour.
You are incapable of wielding weapons or throwing items.
Your paws allow you to move quietly. (Stealth)
You have sharp claws.
You have razor-sharp teeth.
You have supernaturally acute eyesight. (SInv)
You are carnivorous and can eat meat at any time.
You cover ground quickly.
You are covered in fur. (AC +1)
You have a slow metabolism.
Your sharp claws are effective at attacking unaware monsters.


Message History

You closely miss the goblin. You headbutt the goblin.
You kill the goblin!
You scratch the goblin.
You kill the goblin!
You scratch the goblin.
You kill the goblin!
You scratch the goblin.
The goblin is moderately wounded.
The goblin hits you with a club.
You closely miss the goblin. Your headbutt misses the goblin.
The goblin is moderately wounded.
The goblin hits you with a club.
* * * LOW HITPOINT WARNING * * *
Your horns disappear.
The hobgoblin no longer looks unusually strong.
You see here a club.
The hobgoblin no longer looks unusually strong.
The goblin no longer looks unusually strong. x2
Robin throws the goblin at you!
You die...

##....... #...###
#........ #......
#........ #.....
###........ #.....
#....####'# #.... #....#
#.# #.... #....# #.#
###....#######gg..####.#
.......@..gg.)g.......>.
.......#g#####g...#.).g.
.......#.# ######.....
.......#.# #.....
###....#.# #....g
###.##.# #..... #. #.#
#..... .. ... #......
#.#####


You could see Robin, 2 hobgoblins and 3 goblins.

Vanquished Creatures
  An adder (D:2)
  A dart slug (D:1)
  A leopard gecko (D:1)
  2 ball pythons (D:1)
  2 giant cockroaches (D:1)
  10 goblins
  4 hobgoblins (D:1)
  2 kobolds (D:1)
  3 bats (D:1)
  3 frilled lizards (D:1)
  2 rats (D:1)
31 creatures vanquished.

Notes
Turn   | Place    | Note
-------+----------+-------------------------------------------
     0 | D:1      | digijack the Felid Transmuter began the quest for the Orb.
     0 | D:1      | Reached XP level 1. HP: 9/9 MP: 4/4
   395 | D:1      | Reached XP level 2. HP: 6/12 MP: 4/6
  1145 | D:1      | Reached XP level 3. HP: 14/15 MP: 7/7
  1452 | D:2      | Noticed Robin
  1548 | D:2      | Hit by a goblin thrown by Robin

Skill      XL: |  1  2 |
---------------+-------+-----
Dodging        | 3 |  3.4
Fighting       | |  1.3
Unarmed Combat | |  3.6
Spellcasting   | |  2.3
Transmutations | |  2.6

Action                   || total
-------------------------++-------
Melee: Unarmed           ||    96
       Headbutt          ||     8
       Punch             ||     1
       Bite              ||     4
 Cast: Beastly Appendage ||    18
  Use: Scroll            ||     5
       Potion            ||     2
 Stab: Sleeping          ||     4
  Eat: Chunk             ||     9
Armor: Skin              ||     7
Dodge: Dodged            ||    66
